Map: Frozen Temple

Players

SHOOZ

  • Race: Zerg Zerg
  • League: Diamond

llllllllllll - Winner!

  • Race: Protoss Protoss
  • League: Diamond

VOD

Have the link to the VOD?

Description

Time

  • Played on: Aug. 20, 2016, 4:08 p.m.
  • Length: 12:29
Show
View Real Time Build Order
Export as new Build Order

SHOOZ Zerg 

Build Orders: Hatch First 

Get SALT Encoding   

  12  0:01  Drone  
  13  0:08  Drone  
  14  0:17  Overlord  
  14  0:25  Extractor  
  14  0:27  Extractor  
  12  0:28  Drone  
  12  0:30  Drone  
  16  0:54  Hatchery  
  16  0:56  Drone  
  16  1:01  Extractor  
  15  1:12  Spawning Pool  
  15  1:16  Drone  
  15  1:19  Drone  
  15  1:23  Drone  
  17  1:28  Drone  
  18  1:41  Drone  
  19  1:49  Drone  
  20  2:02  Queen  
  20  2:06  Queen  
  24  2:12  Zergling x6  
  27  2:15  Metabolic Boost  
  27  2:25  Zergling x2  
  27  2:26  Overlord  
  28  2:32  Overlord  
  28  2:47  Zergling x4  
  28  2:48  Zergling x2  
  31  2:55  Zergling x4  
  33  3:00  Overlord  
  33  3:17  Drone  
  33  3:18  Drone x7  
  41  3:33  Drone  
  41  3:34  Drone  
  43  3:41  Hatchery  
  43  3:47  Lair  
  42  3:57  Spore Crawler  
  42  3:58  Drone  
  42  4:04  Drone x6  
  43  4:21  Zergling x10  
  43  4:22  Zergling x4  
  49  4:31  Zergling x2  
  49  4:32  Zergling x2  
  51  4:46  Extractor  
  51  4:48  Extractor  
  49  5:05  Drone x3  
  50  5:18  Drone  
  50  5:19  Drone  
  50  5:20  Overlord x3  
  52  5:26  Overlord  
  52  5:27  Overlord  
  52  5:35  Spire  
  51  5:38  Drone  
  51  5:39  Drone x2  
  51  5:41  Hatchery  
  53  5:45  Extractor  
  53  5:50  Drone x5  
  57  6:06  Drone x2  
  59  6:12  Drone x2  
  61  6:19  Hatchery  
  61  6:20  Drone x6  
  61  6:25  Overlord  
  66  6:31  Overlord  
  66  6:39  Drone  
  67  6:40  Overlord  
  67  6:46  Extractor  
  66  6:47  Overlord x2  
  66  6:48  Extractor, Overlord  
  66  6:53  Mutalisk x3  
  71  7:04  Queen  
  71  7:06  Queen  
  75  7:10  Mutalisk x5  
  85  7:16  Drone x3  
  79  7:35  Drone x3  
  79  7:36  Drone x5  
  66  7:45  Drone x4  
  66  7:46  Drone x2  
  72  7:53  Drone x3  
  75  8:03  Drone x2  
  77  8:08  Drone x2  
  79  8:18  Zerg Flyer Weapons Level 1  
  79  8:21  Drone x4  
  79  8:26  Drone x2  
  85  8:28  Drone  
  86  8:37  Drone x4  
  86  8:38  Drone  
  86  8:40  Drone  
  92  8:46  Queen  
  94  8:54  Mutalisk x2  
  98  8:56  Mutalisk  
  100  9:06  Drone x3  
  100  9:07  Drone x3  
  103  9:13  Mutalisk x2  
  103  9:14  Mutalisk  
  109  9:18  Drone x2  
  109  9:19  Drone  
  94  9:44  Hydralisk Den  
  69  10:07  Mutalisk  
  69  10:13  Hydralisk x5  
  69  10:14  Hydralisk x11  
Show
View Real Time Build Order
Export as new Build Order

llllllllllll Protoss - Winner!

Build Orders:  

Get SALT Encoding   

  12  0:00  Probe (Chrono Boost)  
  13  0:11  Probe (Chrono Boost)  
  14  0:24  Probe (Chrono Boost)  
  14  0:25  Pylon  
  15  0:43  Probe (Chrono Boost)  
  15  0:45  Gateway  
  16  0:52  Gateway  
  16  0:57  Probe (Chrono Boost)  
  17  1:08  Probe (Chrono Boost)  
  18  1:19  Pylon  
  18  1:22  Probe (Chrono Boost)  
  18  1:24  Assimilator  
  19  1:28  Assimilator  
  19  1:33  Zealot  
  19  1:37  Probe (Chrono Boost)  
  19  1:39  Zealot  
  24  1:48  Probe (Chrono Boost)  
  25  1:57  Cybernetics Core  
  25  1:59  Probe (Chrono Boost)  
  26  2:12  Probe (Chrono Boost)  
  27  2:27  Nexus  
  27  2:35  Mothership Core (Chrono Boost)  
  29  2:47  Adept  
  31  3:03  Pylon  
  31  3:17  Pylon  
  31  3:21  Probe (Chrono Boost), Adept x2  
  36  3:32  Probe (Chrono Boost)  
  36  3:33  Pylon  
  37  3:39  Probe (Chrono Boost)  
  38  3:42  Probe (Chrono Boost)  
  39  3:50  Probe (Chrono Boost)  
  36  4:33  Probe x2 (Chrono Boost)  
  36  4:34  Forge  
  36  4:36  Assimilator  
  36  4:37  Pylon  
  38  4:38  Assimilator  
  38  4:41  Stargate  
  38  4:42  Stargate  
  38  4:43  Probe x2 (Chrono Boost)  
  38  4:44  Stargate  
  36  5:18  Probe x2 (Chrono Boost)  
  37  5:28  Probe (Chrono Boost)  
  37  5:29  Photon Cannon  
  37  5:30  Photon Cannon  
  37  5:32  Photon Cannon, Oracle x3  
  37  5:35  Photon Cannon  
  46  5:39  Pylon  
  47  5:50  Probe (Chrono Boost)  
  47  5:52  Photon Cannon  
  47  5:55  Probe (Chrono Boost)  
  48  6:00  Probe (Chrono Boost)  
  49  6:06  Probe (Chrono Boost)  
  49  6:08  Oracle x2  
  56  6:20  Oracle  
  59  6:28  Photon Cannon  
  59  6:40  Photon Cannon  
  59  6:43  Pylon, Oracle  
  59  6:46  Probe (Chrono Boost)  
  63  6:57  Probe (Chrono Boost)  
  63  7:00  Pylon  
  64  7:03  Photon Cannon  
  64  7:07  Probe (Chrono Boost)  
  68  7:13  Photon Cannon  
  68  7:28  Phoenix x3  
  53  7:53  Photon Cannon, Phoenix x3  
  53  7:56  Photon Cannon  
  53  7:57  Pylon  
  59  8:00  Pylon  
  60  8:13  Probe (Chrono Boost)  
  60  8:20  Photon Cannon  
  60  8:23  Photon Cannon, Probe (Chrono Boost)  
  60  8:26  Pylon  
  61  8:33  Photon Cannon, Phoenix  
  63  8:42  Phoenix  
  63  8:45  Phoenix  
  64  9:13  Phoenix  
  64  9:14  Phoenix  
  68  9:19  Nexus, Phoenix  
  68  9:48  Phoenix x3  
  74  10:00  Zealot x2  
  78  10:13  Phoenix  
  80  10:20  Phoenix x2  
  84  10:28  Zealot x2  
  84  11:02  Phoenix x2  
  84  11:03  Phoenix  
  84  11:27  Phoenix x3  
  84  11:52  Phoenix  
Tags
 
Add a new tag
Caveats
  • Supply blocks, unpowered buildings, or Contaminate may cause inaccurate times.
  • Supply counts are checked every 10 seconds.